 Dungeon Crawl Stone Soup version 0.31.0-12-g77e489cdc1 (webtiles) character file.

Game seed: 4129398473015446019

249 RancidPinata the Sneak (level 6, 0/43 HPs)
             Began as an Octopode Delver on Feb 29, 2024.
             Was a Follower of Elyvilon.
             Slain by a kobold
             ... wielding a +0 short sword
              (3 damage)
             ... on level 3 of the Dungeon.
             The game lasted 00:07:37 (952 turns).

RancidPinata the Sneak (Octopode Delver)             Turns: 952, Time: 00:07:38

Health: 0/43       AC:  1    Str: 16    XL:     6   Next: 12%
Magic:  6/6        EV: 14    Int: 12    God:    Elyvilon [*.....]
Gold:   98         SH:  0    Dex: 14    Spells: 5/5 levels left

rFire   . . .        p - +9 spear "Plog" {freeze, rElec Str+3}
rCold   . . .        (no shield)
rNeg    . . .        (helmet restricted)
rPois   .            (no amulet)
rElec   +            (no ring)
rCorr   .            (no ring)
SInv    .            (no ring)
Will    .....        (no ring)
Stlth   +++++        (no ring)
HPRegen 0.27/turn    (no ring)
MPRegen 0.10/turn    (no ring)
                     (no ring)

%: no passive effects
@: no status effects
A: almost no armour, amphibious, 8 rings, camouflage 1, gelatinous body 1,
(nimble swimmer 1), tentacles
a: Renounce Religion, Purification


You were on level 3 of the Dungeon.
You worshipped Elyvilon.
Elyvilon was aware of your devotion.
You visited 2 branches of the dungeon, and saw 5 of its levels.

You collected 98 gold pieces.

Inventory:

Hand Weapons
 a - a +0 short sword
 p - the +9 spear "Plog" (weapon) {freeze, rElec Str+3}
   (You found it on level 4 of the Dungeon)

   Str+3:     It affects your strength (+3).
   rElec:     It insulates you from electricity.
Missiles
 q - 3 stones (quivered)
Jewellery
 i - a ring of protection from cold
 l - a ring of see invisible
Wands
 f - a wand of digging (3)
 j - a wand of mindburst (21)
Scrolls
 b - a scroll of fog
 c - a scroll of revelation
 g - 2 scrolls of blinking {unknown}
 h - a scroll of identify {unknown}
 k - 2 scrolls of immolation {unknown}
 m - a scroll of vulnerability {unknown}
 n - a scroll of acquirement {unknown}
Potions
 e - a potion of haste


   Skills:
 + Level 4.1 Fighting
 + Level 3.4 Short Blades
 + Level 0.8 Polearms
 + Level 3.4 Dodging
 + Level 7.8 Stealth


You had 5 spell levels left.
You didn't know any spells.
Your spell library was empty.

Dungeon Overview and Level Annotations

Branches:
Dungeon (6/15)             Temple (1/1) D:6

Altars:
Ashenzari
Cheibriados
Elyvilon
Fedhas
Gozag
Hepliaklqana
Kikubaaqudgha
Makhleb
Okawaru
Qazlal
Ru
Sif Muna
Trog
Uskayaw
Xom
Yredelemnul
Zin

Annotations:
D:3 1 runed translucent door
D:4 Blork the orc


Innate Abilities, Weirdness & Mutations

You cannot wear most types of armour.
You are amphibious.
You can wear up to eight rings at the same time.
Your skin changes colour to match your surroundings (Stealth+).
Your rubbery body absorbs attacks. (AC +1, EV +1)
((You are camouflaged when in or above water. (Stealth+)))
You have tentacles for arms and can constrict up to eight enemies at once.


Message History

The kobold barely misses you. The frilled lizard closely misses you.
The ribbon worm closely misses you.
You closely miss the frilled lizard. You grab the frilled lizard.
You squeeze the frilled lizard.
You kill the frilled lizard!
You constrict the ribbon worm.
The kobold hits you with a +0 short sword.
* * * LOW HITPOINT WARNING * * *
The kobold hits you with a +0 short sword.
* * * LOW HITPOINT WARNING * * *
The ribbon worm expels a string of sticky webbing.
The stream of webbing misses you. The kobold closely misses you.
It was a potion of cancellation.
You feel magically purged.
You constrict the ribbon worm. The kobold closely misses you.
The ribbon worm misses you. The kobold barely misses you.
It was a potion of heal wounds.
You feel much better.
You constrict the ribbon worm.
A quokka comes into view.
The kobold hits you with a +0 short sword.
The kobold misses you.
You release your grip on the ribbon worm.
The kobold attacks as it pursues you!
The kobold hits you with a +0 short sword.
The kobold attacks as it pursues you!
The kobold hits you with a +0 short sword.
* * * LOW HITPOINT WARNING * * *
You see here a frilled lizard corpse.
The kobold attacks as it pursues you!
The kobold hits you with a +0 short sword.
* * * LOW HITPOINT WARNING * * *
You hit the kobold. You freeze the kobold.
You kill the kobold!
The ribbon worm attacks as it pursues you!
The ribbon worm bites you.
* * * LOW HITPOINT WARNING * * *
You hit the ribbon worm. You freeze the ribbon worm. You grab the ribbon worm.
You squeeze the ribbon worm.
You kill the ribbon worm!
The kobold hits you with a +0 short sword.
You die...

##.. # ..#.### #.#
###. #.#[.. ..##
...>#+#....## ....
........##..##..##
........#........#.
..?................
........†.........#
.......w#@.>!....#
........#†K.†....#
#+##....).........#
~~ #............(.#
#....#........##
#....##..##..##
####......[..#
###########


You could see a kobold.

Vanquished Creatures
  A kobold brigand (D:4)
  A scorpion (D:5)
  A howler monkey (D:3)
  A jelly (D:4)
  3 adders
  A ribbon worm (D:3)
  5 orcs
  A giant cockroach (D:4)
  A goblin (D:4)
  3 hobgoblins
  3 jackals (D:4)
  3 kobolds
  A frilled lizard (D:3)
25 creatures vanquished.

Notes
Turn   | Place    | Note
-------+----------+-------------------------------------------
     0 | D:5      | RancidPinata the Octopode Delver began the quest for the
                  | Orb.
     0 | D:5      | Reached XP level 1. HP: 16/16 MP: 1/1
    36 | D:5      | Noticed a scorpion
    67 | D:5      | Killed a scorpion
    68 | D:5      | Reached skill level 7 in Stealth
    68 | D:5      | Reached XP level 2. HP: 11/21 MP: 2/2
    68 | D:5      | Reached XP level 3. HP: 14/26 MP: 3/3
    68 | D:5      | Reached XP level 4. HP: 17/31 MP: 4/4
   168 | D:6      | Found a staircase to the Ecumenical Temple.
   189 | D:6      | Noticed a phantom
   215 | Temple   | Entered the Ecumenical Temple
   263 | Temple   | Became a worshipper of Elyvilon the Healer
   579 | D:5      | Noticed an ogre
   702 | D:4      | Found a blossoming altar of Fedhas.
   706 | D:4      | Reached * piety under Elyvilon
   711 | D:4      | Noticed a kobold brigand
   715 | D:4      | Identified the +9 spear "Plog" {freeze, rElec Str+3}
   776 | D:4      | Killed a kobold brigand
   777 | D:4      | Reached XP level 5. HP: 19/37 MP: 5/5
   889 | D:4      | Noticed Blork the orc
   934 | D:3      | Found a runed translucent door.
   937 | D:3      | Reached XP level 6. HP: 23/43 MP: 6/6
   945 | D:3      | HP: 2/43 [kobold/+0 short sword (2)]
   952 | D:3      | Slain by a kobold

Illustrated notes

Levels and vault maps discovered:
D:3:      layout_basic, ebering_ghost_sewer_f, ebering_ecumenical_altar_rust,
          minmay_misc_feat_ornament, st_stairs_5
D:4:      layout_rooms, mainiacjoe_overflow_concentric_impassable,
          nrook_loot_triangle, uniq_blork_the_orc, uniq_crazy_yiuf_cottage
D:5:      layout_loops_ring, tso_altar, serial_bayou_pond_e
D:6:      layout_cave_pools, minmay_temple_entry_grid, uniq_menkaure
Temple:   lightli_temple_of_artemis

Skill      XL: |  1  2  3  4 |
---------------+-------------+-----
Stealth        | 7 |  7.8
Fighting       | 4 |  4.1
Short Blades   | 3 |  3.4
Dodging        | 3 |  3.4
Polearms       | |  0.8

Action                     |  1- 3 |  4- 6 || total
---------------------------+-------+-------++-------
  Melee: Short sword       |     5 |    17 ||    22
         Tentacles         |     3 |    11 ||    14
         Constrict         |     1 |    12 ||    13
         Spear             |       |    30 ||    30
    Use: Scroll            |       |     1 ||     1
         Potion            |       |     2 ||     2
   Stab: Sleeping          |       |     5 ||     5
 Armour: Skin              |     3 |    30 ||    33
  Dodge: Dodged            |     1 |    33 ||    34
